 Dungeon Crawl Stone Soup version 0.28-a0-48-gfd831c5874 (webtiles) character file.

Game seed: 7456039729586412919

2 flotson the Sneak (level 1, 0/18 HPs)
             Began as a Demonspawn Delver on July 29, 2021.
             Succumbed to an adder's poison
             ... on level 4 of the Dungeon.
             The game lasted 00:00:15 (166 turns).

flotson the Sneak (Demonspawn Delver)                Turns: 166, Time: 00:00:16

Health: 0/18       AC:  3    Str: 12    XL:     1   Next: 33%
Magic:  1/1        EV: 11    Int: 11    God:
Gold:   0          SH:  0    Dex: 14    Spells: 0/0 levels left

rFire   . . .      SeeInvis .   a - +0 hand axe
rCold   . . .      Faith    .   (no shield)
rNeg    . . .      Spirit   .   b - +0 leather armour
rPois   .          Reflect  .   (no helmet)
rElec   .          Harm     .   (no cloak)
rCorr   .          Rampage  .   (no gloves)
Will    .....                   (no boots)
Stlth   ++........              (no amulet)
HPRegen 0.06/turn               (no ring)
MPRegen 0.07/turn               (no ring)

@: lethally poisoned (0 -> -3), hasted, very quick
A: no striking features
a: no special abilities


You were on level 4 of the Dungeon.
You visited 1 branch of the dungeon, and saw 2 of its levels.

Inventory:

Hand Weapons
 a - a +0 hand axe (weapon)
Armour
 b - a +0 leather armour (worn)
Wands
 g - a wand of digging (3)
Scrolls
 c - a scroll of fog
 d - a scroll of magic mapping
 e - a scroll of fear


   Skills:
 + Level 3.0 Fighting
 + Level 1.8 Axes
 + Level 0.1 Armour
 + Level 1.8 Dodging
 - Level 4.5 Stealth


You couldn't memorise any spells.
You didn't know any spells.
Your spell library was empty.

Dungeon Overview and Level Annotations

Branches:
Dungeon (5/15)
 Temple: D:4-7

Altars:
Yredelemnul


Message History

A goblin comes into view. It is wielding a +0 dagger.
Sorry, you're not good enough to have a special ability.
Unknown command.
You feel yourself speed up. The adder bites you.
You barely miss the adder. The adder bites you but does no damage.
You barely miss the adder. The adder bites you but does no damage.
You closely miss the adder. The adder bites you.
You miss the adder. The adder closely misses you.
You barely miss the adder. The adder barely misses you.
You closely miss the adder. The adder bites you.
You hit the adder.
The adder is moderately wounded.
The adder bites you.
You are too injured to fight recklessly!
You are too injured to fight recklessly!
You are too injured to fight recklessly!
You are too injured to fight recklessly!
You are too injured to fight recklessly!
You are too injured to fight recklessly!
You are too injured to fight recklessly!
You are too injured to fight recklessly!
You are too injured to fight recklessly!
You are too injured to fight recklessly!
You miss the adder.
The adder is moderately wounded.
The adder bites you.
* * * LOW HITPOINT WARNING * * *
You are lethally poisoned!
The adder poisons you!
You hit the adder.
The adder is almost dead.
* * * LOW HITPOINT WARNING * * *
You feel sick. The adder bites you.
* * * LOW HITPOINT WARNING * * *
You miss the adder.
The adder is almost dead.
The adder bites you but does no damage.
You miss the adder.
The adder is almost dead.
You die...

#_.'..†.....+ ...
#.##........# ##.#.
#.##........# #...
#.##........# #.g#
#.##........# #..#
#.##........# #..#
#.##........# #..# .
#.################..#....
#...............@S....#
###################......#
...#..# #..# .# ..# . ..#
..#


You could see an adder.

Vanquished Creatures
  2 hobgoblins (D:4)
2 creatures vanquished.

Notes
Turn   | Place    | Note
-------+----------+-------------------------------------------
     0 | D:5      | flotson the Demonspawn Delver began the quest for the Orb.
     0 | D:5      | Reached XP level 1. HP: 18/18 MP: 1/1
    17 | D:5      | Noticed a sky beast
   120 | D:4      | Found a basalt altar of Yredelemnul.
   166 | D:4      | Succumbed to an adder's poison

Illustrated notes

Levels and vault maps discovered:
D:4:      layout_basic, overflow_temple_1_default, uniq_menkaure, uniq_ijyb,
          uniq_edmund, uniq_grinder, uniq_blork_the_orc
D:5:      gammafunk_steamed_eel, layout_loops_ring

Action                   || total
-------------------------++-------
Melee: Hand axe          ||    16
  Use: Potion            ||     1
Armor: Leather armour    ||     3
Dodge: Dodged            ||     5

Table legend: (Time is in decaauts)
 A = Elapsed time spent in this place.
 B = Non-inter-level travel time spent in this place.
 C = Inter-level travel time spent in this place.
 D = Time resting spent in this place.
 E = Time spent auto-exploring this place.
 F = Levels seen in this place.
 G = Mean time per level.
                   A        B        C        D        E       F      G
               +--------+--------+--------+--------+--------+-----+--------+
         Total |    164 |    151 |     13 |      0 |    123 |   2 |   82.0 |
       Dungeon |    164 |    151 |     13 |      0 |    123 |   2 |   82.0 |
               +--------+--------+--------+--------+--------+-----+--------+

Top non-repeatable levels by time:
     D:4: 131 daAuts
     D:5: 33 daAuts
